 Dungeon Crawl Stone Soup version 0.31-a0-1059-g83d41fd8b6 (webtiles) character file.

Game seed: 17778244388424604676

93 Avanven the Ruffian (level 4, 0/24 HPs)
             Began as a Vine Stalker Fighter on Nov 21, 2023.
             Slain by an orc
             ... wielding a +0 flail
              (2 damage)
             ... on level 3 of the Dungeon.
             The game lasted 00:02:19 (1372 turns).

Avanven the Ruffian (Vine Stalker Fighter)          Turns: 1372, Time: 00:02:20

Health: 0/24       AC:  6    Str: 20    XL:     4   Next: 61%
Magic:  0/5        EV:  9    Int:  8    God:
Gold:   108        SH:  4    Dex: 14    Spells: 3/3 levels left

rFire   . .          .
                       - Unarmed
rCold   . . .        b - +0 buckler
rNeg    . . .        a - +0 scale mail
rPois   .            (no helmet)
rElec   .            (no cloak)
rCorr   .            (no gloves)
SInv    .            (no boots)
Will    .....        (no amulet) Stlth
                     (no ring)
HPRegen 1.04/turn    (no ring)
MPRegen 0.09/turn

%: guardian spirit
@: no status effects
A: fangs 2, regeneration 1, magic shield, antimagic bite, no potion heal 2
a: no special abilities


You were on level 3 of the Dungeon.
You visited 1 branch of the dungeon, and saw 3 of its levels.

You collected 108 gold pieces.

Inventory:

Armour
 a - a +0 scale mail (worn)
 b - a +0 buckler (worn)
Scrolls
 d - a scroll of amnesia {unknown}
 g - a scroll of brand weapon {unknown}
 i - 3 scrolls of teleportation {unknown}
 j - 2 scrolls of identify {unknown}
 k - 2 scrolls of noise {unknown}
Potions
 c - a potion of might
 e - a potion of enlightenment {unknown}
 f - a potion of magic {unknown}
 h - 2 potions of berserk rage {unknown}
 l - a potion of mutation {unknown}


   Skills:
 + Level 3.3 Fighting
 + Level 3.0 Armour
 - Level 2.6 Shields
 * Level 3.5 Unarmed Combat


You had 3 spell levels left.
You didn't know any spells.
Your spell library was empty.

Dungeon Overview and Level Annotations

Branches:
Dungeon (3/15)

Altars:

Shops:
D:1 *((*[


Innate Abilities, Weirdness & Mutations

You have extremely sharp teeth.
Your natural rate of healing is unusually fast.
When hurt, damage is shared between your health and your magic reserves.
Your bite disrupts and absorbs the magic of your enemies.
Potions cannot restore your health.


Message History

Your bite misses the orc priest. The orc closely misses you.
The orc priest hits you with a +0 dagger.
* * * LOW HITPOINT WARNING * * *
The orc completely misses you. The orc closely misses you.
You hit the orc priest.
The orc priest is lightly wounded.
You block the orc's attack. The orc priest barely misses you.
The orc misses you. The orc hits you with a +0 club.
You hit the orc priest but do no damage.
Your bite misses the orc priest.
The orc priest is lightly wounded.
The orc hits you with a +0 hand axe.
* * * LOW HITPOINT WARNING * * *
The orc priest looks satisfied for a moment.
The orc hits you but does no damage. x2
You hit the orc priest.
The orc priest is moderately wounded.
The orc hits you but does no damage. You block the orc priest's attack.
The orc hits you with a +0 flail.
* * * LOW HITPOINT WARNING * * *
The orc barely misses you.
You hit the orc priest. Your bite misses the orc priest.
The orc priest is heavily wounded.
The orc barely misses you. The orc priest completely misses you.
The orc hits you with a +0 flail.
* * * LOW HITPOINT WARNING * * *
The orc hits you with a +0 club.
* * * LOW HITPOINT WARNING * * *
You hit the orc priest but do no damage.
You bite the orc priest. You drain its power.
You feel invigorated.
The orc priest is severely wounded.
The orc barely misses you.
The orc priest looks satisfied for a moment.
The orc barely misses you. The orc hits you with a +0 club.
* * * LOW HITPOINT WARNING * * *
You hit the orc priest.
The orc priest is almost dead.
The orc closely misses you. The orc priest closely misses you.
The orc hits you with a +0 flail.
You die...

##########.#
...........# .
.####...#### #.
#...# #.. ###...#
#...#+##...######
#.........†.......
#.....o...........
#.....o@..........
###....oo.........
..................
...........?......
.....>...##...?...
.......... .#####
.......##. .#
....... ..


You could see an orc priest and 3 orcs.

Vanquished Creatures
  5 adders
  A worm (D:2)
  4 orcs
  3 ball pythons
  5 bats
  4 endoplasms
  2 giant cockroaches (D:2)
  5 goblins
  3 hobgoblins
  A frilled lizard (D:2)
  5 kobolds
  4 rats (D:2)
42 creatures vanquished.

Notes
Turn   | Place    | Note
-------+----------+-------------------------------------------
     0 | D:1      | Avanven the Vine Stalker Fighter began the quest for the
                  | Orb.
     0 | D:1      | Reached XP level 1. HP: 11/11 MP: 2/2
    69 | D:1      | Found Vouck's Assorted Antiques.
    99 | D:1      | Found Sorebao Ekku's Antique Armour Shop.
   160 | D:1      | Found a faded altar of an unknown god.
   202 | D:1      | Reached XP level 2. HP: 16/16 MP: 3/3
   307 | D:1      | Found Regic's Weapon Emporium.
   318 | D:1      | Found Ofedyofy's Assorted Antiques.
   439 | D:1      | Found Gidoyrat's Antique Weapon Emporium.
   628 | D:2      | Reached XP level 3. HP: 20/20 MP: 4/4
   865 | D:2      | Reached XP level 4. HP: 24/24 MP: 5/5
  1372 | D:3      | Slain by an orc

Illustrated notes

Levels and vault maps discovered:
D:1:      tarquinn_simple_flora_water_a, layout_basic, serial_shops, shop, shop,
          nicolae_shop_statue_plus, shop_fountains, nicolae_shop_statue_plus,
          dreamdust_ecumenical_altar_angels_and_demons
D:2:      layout_loops_cross, guppyfry_early_orc_mine
D:3:      layout_basic

Skill      XL: |  1  2  3  4 |
---------------+-------------+-----
Fighting       | 3 |  3.3
Unarmed Combat | 3 |  3.5
Armour         | 3 |  3.0
Shields        | |  2.6

Action                     |  1- 3 |  4- 6 || total
---------------------------+-------+-------++-------
  Melee: Unarmed           |    85 |    55 ||   140
         Bite              |    17 |     9 ||    26
 Armour: Scale mail        |    53 |    55 ||   108
  Dodge: Dodged            |    43 |    35 ||    78
  Block: Buckler           |    16 |    14 ||    30

Table legend: (Time is in decaauts)
 A = Elapsed time spent in this place.
 B = Non-inter-level travel time spent in this place.
 C = Inter-level travel time spent in this place.
 D = Time resting spent in this place.
 E = Time spent auto-exploring this place.
 F = Levels seen in this place.
 G = Mean time per level.
                   A        B        C        D        E       F      G
               +--------+--------+--------+--------+--------+-----+--------+
         Total |   1368 |   1336 |     32 |     11 |   1048 |   3 |  456.0 |
       Dungeon |   1368 |   1336 |     32 |     11 |   1048 |   3 |  456.0 |
               +--------+--------+--------+--------+--------+-----+--------+

Top non-repeatable levels by time:
     D:2: 766 daAuts
     D:1: 468 daAuts
     D:3: 133 daAuts
